 Dungeon Crawl Stone Soup version 0.28-a0-657-g71136c5590 (webtiles) character file.

Game seed: 15343105453106112433

141 freelancePsychic the Skirmisher (level 5, 0/42 HPs)
             Began as a Djinni Cinder Acolyte on Oct 13, 2021.
             Was a High Priest of Ignis.
             Slain by a gnoll (8 damage)
             ... on level 2 of the Dungeon.
             The game lasted 00:04:24 (3320 turns).

freelancePsychic the Skirmisher (DjCA)              Turns: 3320, Time: 00:04:25

Health: 0/42       AC:  2    Str: 13    XL:     5   Next: 48%
Gold:   107        EV: 11    Int: 17    God:    Ignis [*****.] SH:  0 Dex:  8

rFire   + + +      SeeInvis .     - Unarmed
rCold   x . .      Faith    .   (no shield)
rNeg    . . .      Spirit   .   a - +0 robe
rPois   ∞          Reflect  .   (no helmet)
rElec   .          Harm     .   (no cloak)
rCorr   .          Rampage  .   (no gloves)
Will    .....                   (boots unavailable)
Stlth   +.........              (no amulet)
HPRegen 0.14/turn               (no ring)
MPRegen 0.00/turn               (no ring)

@: wereblooded, flying
A: sickness immunity, fire resistance 2, cold vulnerability 1, float, innate
caster, hp casting, extra vitality 1
a: Renounce Religion, Sea of Fire, Foxfire Swarm, Rising Flame


You were on level 2 of the Dungeon.
You worshipped Ignis.
Ignis was extremely pleased with you.
You visited 1 branch of the dungeon, and saw 2 of its levels.

You collected 107 gold pieces.

Inventory:

Armour
 a - a +0 robe (worn)
Scrolls
 d - 2 scrolls of torment {unknown}
 f - a scroll of teleportation {unknown}
 g - a scroll of amnesia {unknown}
Potions
 b - a potion of curing {unknown}
 c - a potion of brilliance {unknown}
 e - a potion of mutation {unknown}


   Skills:
 + Level 4.5 Fighting
 + Level 3.1 Unarmed Combat
 + Level 3.5 Spellcasting


You had 6 spell levels left.
You knew the following spells:

 Your Spells              Type           Power      Damage    Failure   Level
a - Scorch                Fire           30%        2d7       6%          2
b - Magic Dart            Conj           60%        1d6       3%          1
c - Wereblood             Tmut           15%        N/A       6%          2
Your spell library was empty.

Dungeon Overview and Level Annotations

Branches:
Dungeon (2/15)

Altars:


Innate Abilities, Weirdness & Mutations

You are immune to sickness and miasma.
You are immune to poison.
Your flesh is very heat resistant. (rF++)
You are vulnerable to cold. (rC-)
You float through the air rather than walking.
You learn spells naturally, not from books.
Your magical power is your life essence.
You have superior vitality. (+4 HP)


Message History

Casting: Scorch (safe; 6% risk of failure)
Confirm with . or Enter, or press ? or * to list all spells.
Flames lash the gnoll.
The gnoll is heavily wounded.
The gnoll's fire resistance burns away.
The gnoll hits you with a +0 club.
Casting: Scorch (safe; 6% risk of failure)
Confirm with . or Enter, or press ? or * to list all spells.
Flames lash the gnoll.
The gnoll is burned terribly!
You kill the gnoll!
The gnoll is no longer more vulnerable to fire.
The gnoll misses you.
You hit the gnoll.
The gnoll is heavily wounded.
The gnoll is no longer more vulnerable to fire.
The gnoll hits you with a +0 club.
You closely miss the gnoll.
The gnoll is heavily wounded.
You howl as the wereblood boils in your veins!
The gnoll hits you with a +0 club!
You hit the gnoll.
The gnoll is almost dead.
The gnoll hits you but does no damage.
You closely miss the gnoll.
The gnoll is almost dead.
The gnoll barely misses you.
You barely miss the gnoll.
The gnoll is almost dead.
The gnoll hits you with a +0 club.
* * * LOW HITPOINT WARNING * * *
You barely miss the gnoll.
The gnoll is almost dead.
The gnoll hits you with a +0 club.
* * * LOW HITPOINT WARNING * * *
You hit the gnoll.
You feel a bit better.
You kill the gnoll!
You hit the gnoll.
The gnoll is heavily wounded.
You howl as the wereblood boils in your veins!
The gnoll hits you with a +0 whip!
You die...

#.##..####...###........#
#.....#####.## #.########
##......# ### #.# #
#.#.##.# #+## # #.#. #.#
#...# # # #.##.# #..... #
#.#..# #?..... #
##.#....####....<.. ####
#.....).@g)')...... +...
#......†.###....... ####
#.##.#.#.# #.....> # #
#.###.# #..... # .. #.#
#...# # #. #.# #+## # #.#
#.# ..#


You could see a gnoll.

Vanquished Creatures
  Robin (D:2)
  5 gnolls (D:2)
  2 adders (D:2)
  A worm (D:2)
  4 ball pythons
  An endoplasm (D:2)
  A giant cockroach (D:2)
  13 goblins
  5 hobgoblins
  6 jackals
  3 quokkas
  5 bats
  A frilled lizard (D:1)
  7 kobolds
  6 rats
61 creatures vanquished.

Vanquished Creatures (others)
  2 fungi (D:1)
2 creatures vanquished.

Grand Total: 63 creatures vanquished

Notes
Turn   | Place    | Note
-------+----------+-------------------------------------------
     0 | D:1      | freelancePsychic the Djinni Cinder Acolyte began the quest
                  | for the Orb.
     0 | D:1      | Reached XP level 1. HP: 20/20 MP: 0/0
   519 | D:1      | Reached XP level 2. HP: 21/25 MP: 0/0
  1407 | D:1      | Found a faded altar of an unknown god.
  1425 | D:1      | Reached XP level 3. HP: 26/30 MP: 0/0
  1425 | D:1      | Learned a level 1 spell: Magic Dart
  2458 | D:2      | Reached XP level 4. HP: 31/37 MP: 0/0
  2708 | D:2      | Reached skill level 4 in Fighting
  3140 | D:2      | Noticed Robin
  3145 | D:2      | Reached XP level 5. HP: 39/41 MP: 0/0
  3145 | D:2      | Learned a level 2 spell: Wereblood
  3162 | D:2      | Killed Robin
  3320 | D:2      | Slain by a gnoll

Illustrated notes

Levels and vault maps discovered:
D:1:      evilmike_arrival_crescent, layout_basic,
          shapermc_ecumenical_altar_acropolis
D:2:      layout_loops_corners, uniq_robin

Skill      XL: |  1  2  3  4 |
---------------+-------------+-----
Spellcasting   | 3 |  3.5
Fighting       | 4 |  4.5
Unarmed Combat | |  3.1

Action                   |  1- 3 |  4- 6 || total
-------------------------+-------+-------++-------
Melee: Unarmed           |    27 |    45 ||    72
       Punch             |       |     1 ||     1
 Cast: Scorch            |    39 |    23 ||    62
       Magic Dart        |     8 |       ||     8
       Wereblood         |       |     3 ||     3
Armor: Robe              |     5 |     5 ||    10
Dodge: Dodged            |    18 |    20 ||    38

Table legend: (Time is in decaauts)
 A = Elapsed time spent in this place.
 B = Non-inter-level travel time spent in this place.
 C = Inter-level travel time spent in this place.
 D = Time resting spent in this place.
 E = Time spent auto-exploring this place.
 F = Levels seen in this place.
 G = Mean time per level.
                   A        B        C        D        E       F      G
               +--------+--------+--------+--------+--------+-----+--------+
         Total |   3315 |   3299 |     16 |     15 |   2958 |   2 | 1657.5 |
       Dungeon |   3315 |   3299 |     16 |     15 |   2958 |   2 | 1657.5 |
               +--------+--------+--------+--------+--------+-----+--------+

Top non-repeatable levels by time:
     D:1: 2004 daAuts
     D:2: 1311 daAuts
